[Event "Team 45 45 League T48"]
[Site "Internet Chess Club"]
[Date "2011.02.11"]
[Round "1"]
[White "IanT"]
[Black "tyler66"]
[Result "0-1"]
[WhiteElo "1457"]
[BlackElo "1580"]
[Opening "Giuoco Pianissimo: Canal variation"]
[ECO "C50"]
[Time "20:08:36"]
[TimeControl "2700+45"]

1. e4 e5 2. Nf3 Nc6 3. Bc4 Bc5 4. d3 Nf6 5. Nc3 d6 6. Bg5 O-O 7. Nd5 Bg4 8.
Nxf6+ gxf6 9. Bh6 Re8 10. h3 Be6 11. Bxe6 fxe6 12. h4 f5 13. Rh3 f4 14. g3 Qf6
15. Bg5 Qf7 16. Qd2 fxg3 17. Rxg3 Kh8 18. Bh6 Rg8 19. Qe2 Rxg3 20. fxg3 Qh5 21.
Bg5 Qg4 22. O-O-O Qxg3 23. d4 Nxd4 24. Nxd4 Bxd4 25. c3 Bb6 26. a4 Rf8 27. Rf1
Be3+ 28. Kd1 Rxf1+ 29. Qxf1 Qg1 30. Bf6+ Kg8 31. Qxg1+ Bxg1 32. Bd8 Bb6 33. b4
c5 34. Be7 cxb4 35. Bxd6 bxc3 36. Bxe5 h5 37. Bxc3 Bf2 38. Bf6 Kf7 39. Bg5 Bd4
40. Ke2 a6 41. a5 Bf6 42. Bxf6 Kxf6 43. Kd3 Ke5 44. Ke3 Kf6 45. Kf4 e5+ 46. Ke3
Ke6 47. Kd3 Kd6 48. Kc4 Kc6 49. Kb4 b5 50. axb6 Kxb6 51. Kc4 Kc6 52. Kb4 a5+ 53.
Kc4 a4 54. Kb4 a3 55. Kxa3 Kc5 56. Kb3 Kd4 57. Kc2 Kxe4 58. Kd2 Kf3 59. Ke1 Ke3
60. Kf1 Kd2 61. Kf2 e4 62. Kf1 e3 63. Kg2 e2 64. Kh3 e1=Q 65. Kh2 Qxh4+ 66. Kg2
Qf4 67. Kg1 Ke2 68. Kg2 Qg4+ 69. Kh2 Kf2 {White resigns} 0-1

[Event "Team 45 45 League T48"]
[Site "Internet Chess Club"]
[Date "2011.02.14"]
[Round "1"]
[White "ars-felidae"]
[Black "oldsj"]
[Result "0-1"]
[WhiteElo "1465"]
[BlackElo "1634"]
[Opening "Two knights defense (Modern bishop's opening)"]
[ECO "C55"]
[Time "09:12:42"]
[TimeControl "2700+45"]

1. e4 e5 2. Nf3 Nc6 3. Bc4 Nf6 4. d3 Be7 5. Nc3 d6 6. h3 Na5 7. Bb5+ c6 8. Ba4
b5 9. Bb3 Nxb3 10. axb3 O-O 11. O-O h6 12. Be3 Qc7 13. Nh4 Re8 14. Nf5 Bxf5 15.
exf5 d5 16. f4 d4 17. fxe5 dxe3 18. exf6 Bxf6 19. Qf3 Bxc3 20. bxc3 Qb6 21. Kh1
e2 22. Rfe1 Re3 23. Qg4 Rae8 24. d4 Qc7 25. c4 R3e4 26. Qf3 Qe7 27. d5 bxc4 28.
dxc6 Qc7 29. bxc4 Qxc6 30. Rxe2 Qf6 31. Rae1 Rxe2 32. Rxe2 Rxe2 33. Qxe2 Qxf5
34. Qe8+ Kh7 35. Qa4 Qc5 36. Qa6 Qf2 37. Qxa7 Qxa7 {White resigns} 0-1

[Event "Team 45 45 League T48"]
[Site "Internet Chess Club"]
[Date "2011.02.12"]
[Round "1"]
[White "Risto"]
[Black "smsxman"]
[Result "0-1"]
[WhiteElo "1205"]
[BlackElo "1365"]
[Opening "Ruy Lopez: old Steinitz defense"]
[ECO "C62"]
[Time "12:37:20"]
[TimeControl "2700+45"]

1. e4 e5 2. Nf3 Nc6 3. Bb5 d6 4. d4 exd4 5. Nxd4 Bd7 6. O-O Nf6 7. Re1 Be7 8.
Nc3 O-O 9. h3 a6 10. Nxc6 bxc6 11. Bc4 Be6 12. Bb3 Bxb3 13. axb3 Re8 14. Qd3 Qc8
15. Be3 Bf8 16. Ra4 d5 17. exd5 Rd8 18. Rea1 cxd5 19. Bd4 Nh5 20. Rxa6 Rxa6 21.
Qxa6 c5 22. Qxc8 Rxc8 23. Be5 f6 24. Bh2 d4 25. Ne2 g5 26. g4 Ng7 27. Ra6 Kf7
28. Ng3 h6 29. Ne4 Ne6 30. Bd6 Bg7 31. Nxc5 Nxc5 32. Ra7+ Kg6 33. b4 Ne4 34. Be7
Rxc2 35. Rd7 Rxb2 36. Rxd4 Nxf2 37. b5 Nxh3+ 38. Kf1 Rxb5 39. Rd8 Re5 40. Bd6
Re4 41. Kg2 Nf4+ 42. Kf3 Ra4 43. Rg8 Kh7 44. Re8 Ng6 45. Rc8 Ne5+ 46. Bxe5 fxe5
47. Rc7 Rf4+ 48. Kg3 e4 49. Rc4 Be5 50. Kh3 Rf3+ 51. Kg2 Rg3+ 52. Kf2 Rxg4 53.
Ke2 h5 54. Rb4 h4 55. Rb7+ Kg6 56. Rb6+ Kf5 57. Rb8 Bxb8 {White resigns} 0-1

[Event "Team 45 45 League T48"]
[Site "Internet Chess Club"]
[Date "2011.02.14"]
[Round "1"]
[White "DrOMM"]
[Black "stan-beers"]
[Result "0-1"]
[WhiteElo "1373"]
[BlackElo "1441"]
[Opening "Old Indian defense"]
[ECO "A54"]
[Time "14:13:20"]
[TimeControl "2700+45"]

1. d4 Nf6 2. c4 d6 3. Nf3 Nbd7 4. Nc3 e5 5. e3 Be7 6. Be2 h6 7. O-O g5 8. Ne1
Nf8 9. Nd3 e4 10. Nb4 Ng6 11. Nbd5 Nxd5 12. Nxd5 Bf8 13. Qc2 f5 14. Bh5 Rg8 15.
g4 c6 16. Nc3 Ke7 17. gxf5 Bxf5 18. Nxe4 d5 19. cxd5 cxd5 20. Qc5+ Kf7 21. Bxg6+
Rxg6 22. Nxg5+ Rxg5+ {White resigns} 0-1

[Event "Team 45 45 League T48"]
[Site "Internet Chess Club"]
[Date "2011.02.12"]
[Round "1"]
[White "Fogbound"]
[Black "joaoazm"]
[Result "1-0"]
[WhiteElo "1306"]
[BlackElo "1176"]
[Opening "Queen's pawn, Mason variation"]
[ECO "D00"]
[Time "06:00:11"]
[TimeControl "2700+45"]

1. d4 d5 2. Bf4 Nc6 3. Nf3 f5 4. e3 Nf6 5. Bb5 Bd7 6. Bxc6 Bxc6 7. Ne5 Bb5 8.
Nc3 a6 9. Nxb5 axb5 10. O-O e6 11. Bg5 Bd6 12. f4 Bxe5 13. fxe5 Ne4 {Black
resigns} 1-0

[Event "Team 45 45 League T48"]
[Site "Internet Chess Club"]
[Date "2011.02.15"]
[Round "1"]
[White "The-Capitalist"]
[Black "radiohead"]
[Result "1-0"]
[WhiteElo "1465"]
[BlackElo "1404"]
[Opening "Sicilian: O'Kelly variation"]
[ECO "B28"]
[Time "21:00:31"]
[TimeControl "2700+45"]

1. e4 c5 2. Nf3 a6 3. c3 d5 4. exd5 Qxd5 5. d4 e6 6. Bd3 Nf6 7. Bf4 Nc6 8. O-O
cxd4 9. cxd4 Nxd4 10. Nxd4 Qxd4 11. Bb5+ Bd7 12. Qxd4 Bxb5 13. Re1 Be7 14. Be5
O-O 15. Qh4 Nd5 16. Qg3 Bf6 17. Bxf6 Nxf6 18. Nc3 Bc6 19. Rad1 Rac8 20. Rd2 b5
21. b4 Bb7 22. Red1 Nh5 23. Qe5 Nf6 24. Rd3 Ng4 25. Qd6 h6 26. Qe7 Bc6 27. Rd8
Re8 28. Rxc8 Rxc8 29. Rd8+ Rxd8 30. Qxd8+ Kh7 31. Qd6 Bb7 32. Qd7 Ba8 33. Qxf7
e5 {Black resigns} 1-0

[Event "Team 45 45 League T48"]
[Site "Internet Chess Club"]
[Date "2011.02.14"]
[Round "1"]
[White "Cicero"]
[Black "kingsrook"]
[Result "1-0"]
[WhiteElo "1374"]
[BlackElo "1215"]
[Opening "Caro-Kann: Tartakower (fantasy) variation"]
[ECO "B12"]
[Time "17:00:14"]
[TimeControl "2700+45"]

1. e4 c6 2. d4 d5 3. f3 dxe4 4. fxe4 e5 5. Nf3 Be6 6. Nxe5 Qa5+ 7. Bd2 Bb4 8. c3
Bd6 9. Nc4 Bxc4 10. Bxc4 Ne7 11. e5 Bc7 12. Bg5 Nd5 13. O-O O-O 14. Nd2 Bd8 15.
Bf4 Nd7 16. Qg4 Qc7 17. Bh6 g6 18. Bxf8 Nxf8 19. Rf3 Ne6 20. Raf1 Nef4 21. Rxf4
Nxf4 22. Qxf4 Kg7 23. Bxf7 Qe7 24. Ne4 Bc7 25. Nd6 Rf8 26. Qg4 Bxd6 27. e6 b6
28. d5 c5 29. Rf3 a5 30. Rh3 Be5 31. Rh5 Bf6 32. Rf5 Rxf7 33. exf7 Qe1+ 34. Rf1
Qe3+ 35. Kh1 Qe7 36. Qf4 Qxf7 37. d6 Qe6 38. d7 Qe7 39. Qxf6+ Qxf6 40. Rxf6 Kxf6
41. d8=Q+ {Black resigns} 1-0

[Event "Team 45 45 League T48"]
[Site "Internet Chess Club"]
[Date "2011.02.14"]
[Round "1"]
[White "Tyndale"]
[Black "lawth3"]
[Result "0-1"]
[WhiteElo "1107"]
[BlackElo "1213"]
[Opening "Caro-Kann: classical variation"]
[ECO "B18"]
[Time "19:30:14"]
[TimeControl "2700+45"]

1. e4 c6 2. d4 d5 3. Nc3 dxe4 4. Nxe4 Bf5 5. f3 e6 6. Be3 Qb6 7. b3 Nd7 8. Qd2
c5 9. Ne2 cxd4 10. Nxd4 Bxe4 11. Bb5 Qc7 12. fxe4 a6 13. Bxd7+ Qxd7 14. O-O Nf6
15. e5 Ne4 16. Qd3 Nc5 17. Qe2 g6 18. Qf3 Bg7 19. Rad1 Qe7 20. Nc6 Qc7 21. Rd8+
Rxd8 22. Nxd8 Kxd8 23. Rd1+ Ke8 24. Bg5 Nd7 25. b4 Bxe5 26. g3 h6 27. Be3 f5
{White resigns} 0-1

[Event "Team 45 45 League T48"]
[Site "Internet Chess Club"]
[Date "2011.02.14"]
[Round "1"]
[White "Graybeard"]
[Black "kjs110"]
[Result "0-1"]
[WhiteElo "1088"]
[BlackElo "1088"]
[Opening "Caro-Kann: exchange variation"]
[ECO "B13"]
[Time "10:30:31"]
[TimeControl "2700+45"]

1. e4 c6 2. d4 d5 3. exd5 cxd5 4. Bd3 Nc6 5. c3 e6 6. Nf3 Bd6 7. Qe2 Nf6 8. O-O
O-O 9. Re1 Re8 10. Bg5 b6 11. Na3 Bb7 12. Nb5 Be7 13. Ne5 Nxe5 14. Qxe5 Ng4 15.
Qf4 Bxg5 16. Qc7 Qb8 17. Qxb8 Raxb8 18. Nxa7 Ra8 19. Nb5 Rec8 20. Nd6 Rc7 21.
Nb5 Rd7 22. c4 dxc4 23. Bxc4 Ba6 24. a4 Bxb5 25. axb5 Rxa1 26. Rxa1 h6 27. Rd1
Bf6 28. h3 Ne5 29. b3 Nxc4 30. bxc4 Rxd4 31. Rc1 Bg5 32. Rc3 Bf6 33. Kh2 Be5+
34. g3 Rd2 35. Rc1 Rxf2+ 36. Kg1 Bxg3 37. c5 bxc5 38. b6 Rb2 39. Rxc5 Bf2+ 40.
Kf1 Bxc5 {White resigns} 0-1

[Event "Team 45 45 League T48"]
[Site "Internet Chess Club"]
[Date "2011.02.12"]
[Round "1"]
[White "JimGaming"]
[Black "wildcat2023"]
[Result "1/2-1/2"]
[WhiteElo "1289"]
[BlackElo "1229"]
[Opening "Petrov's defense"]
[ECO "C42"]
[Time "13:31:59"]
[TimeControl "2700+45"]

1. e4 e5 2. Nf3 Nf6 3. Nxe5 Qe7 4. Nf3 Qxe4+ 5. Qe2 Nc6 6. Qxe4+ Nxe4 7. d3 Nf6
8. Be2 Bc5 9. O-O O-O 10. Re1 Nd4 11. Nxd4 Bxd4 12. c3 Bb6 13. Be3 d6 14. h3 Re8
15. d4 c5 16. Nd2 cxd4 17. Bxd4 Bxd4 18. cxd4 Nd5 19. Bc4 Rxe1+ 20. Rxe1 Be6 21.
Ne4 Rd8 22. Ng5 Nb4 23. Bxe6 fxe6 24. Rxe6 Nxa2 25. Re7 Nb4 26. Rxg7+ Kxg7 27.
Ne6+ Kf6 28. Nxd8 b5 29. g4 Nc2 30. Nc6 a6 31. b4 Ke6 32. f4 Kd5 33. Ne7+ Ke6
34. Nc6 Kd5 35. Ne7+ Ke6 36. Nc6 Kd5 37. Ne7+ Ke6 38. Nc6 {Game drawn by
repetition} 1/2-1/2

[Event "Team 45 45 League T48"]
[Site "Internet Chess Club"]
[Date "2011.02.13"]
[Round "1"]
[White "iwin2"]
[Black "farbror"]
[Result "1-0"]
[WhiteElo "1198"]
[BlackElo "1240"]
[Opening "Owen defense"]
[ECO "B00"]
[Time "10:31:09"]
[TimeControl "2700+45"]

1. e4 b6 2. d4 Bb7 3. Nc3 e6 4. Nf3 Bb4 5. Bd2 Bxc3 6. Bxc3 Bxe4 7. Bc4 d5 8.
Bb3 Nc6 9. Ba4 Qd7 10. Ne5 Qd6 11. Bxc6+ Kf8 12. Bxa8 f6 13. Nc6 a5 14. b4 Ne7
15. Nxe7 Kxe7 16. bxa5 Rxa8 17. axb6 Qxb6 18. Rb1 Qc6 19. Bb4+ Kf7 20. a3 Qa4
21. Rc1 Ra6 22. c4 Qxd1+ 23. Rxd1 Bxg2 24. Rg1 Bf3 25. Rd3 Be4 26. Rc3 dxc4 27.
Rxc4 Rc6 28. Rxc6 Bxc6 29. Ba5 Ba4 30. Bxc7 g6 31. Kd2 Ke7 32. Ba5 f5 33. Rc1
Bd7 34. Rc7 Kd8 35. Rc1+ Ke7 36. Bb4+ Kd8 37. Ra1 g5 38. a4 g4 39. a5 Kc7 40. a6
Kb8 41. a7+ Ka8 42. Kc3 h5 43. Bd6 h4 44. Bc5 f4 45. Rb1 {Black resigns} 1-0

[Event "Team 45 45 League T48"]
[Site "Internet Chess Club"]
[Date "2011.02.13"]
[Round "1"]
[White "MeansToAnEnd"]
[Black "Nosaj"]
[Result "1-0"]
[WhiteElo "1190"]
[BlackElo "1336"]
[Opening "QGD: Harrwitz attack"]
[ECO "D35"]
[Time "11:04:38"]
[TimeControl "2700+45"]

1. d4 e6 2. c4 d5 3. Nc3 Nf6 4. Bf4 Bd6 5. Bxd6 cxd6 6. e3 Nc6 7. Nf3 Bd7 8. Nb5
Qa5+ 9. Nd2 O-O 10. Nxd6 Nb4 11. Nxb7 Qb6 12. Nc5 Bc6 13. Be2 Bb7 14. O-O Nc6
15. b3 Ne7 16. Nxb7 Qxb7 17. c5 Qc6 18. b4 a6 19. a4 Ng6 20. b5 axb5 21. axb5
Qb7 22. c6 Qc7 23. Nf3 Ne4 24. Qb3 Rab8 25. Ra6 Nd6 26. Rfa1 Rfc8 27. Rc1 Rb6
28. Rxb6 Qxb6 29. Ne5 Nxe5 30. dxe5 Ne4 31. f3 Nd2 32. Qa4 Qxe3+ 33. Kh1 Qxe5
34. b6 Nc4 35. Bxc4 dxc4 36. Qxc4 Qb8 37. b7 Rc7 38. Qa6 Rxc6 39. Rxc6 Qf8 40.
Rc8 g6 41. Rxf8+ Kg7 42. b8=Q Kh6 43. Qf4+ g5 44. Qf6+ Kh5 45. g3 h6 46. Qa4 e5
47. Qg4# {Black checkmated} 1-0

[Event "Team 45 45 League T48"]
[Site "Internet Chess Club"]
[Date "2011.02.13"]
[Round "1"]
[White "iceface"]
[Black "sere"]
[Result "1-0"]
[WhiteElo "1338"]
[BlackElo "1265"]
[Opening "Giuoco Pianissimo: Italian four knights variation"]
[ECO "C47"]
[Time "09:00:57"]
[TimeControl "2700+45"]

1. e4 e5 2. Nf3 Nf6 3. Nc3 Nc6 4. Bc4 Bc5 5. d3 O-O 6. Be3 Bxe3 7. fxe3 Ng4 8.
Nd5 Qg5 9. Nxg5 d6 10. h3 Nh6 11. Qh5 Bd7 12. Nxc7 Rac8 13. Nb5 a6 14. Nxd6 Rcd8
15. Ngxf7 Nxf7 16. Nxf7 Rb8 17. Nxe5+ Kh8 18. Nxd7 {Black resigns} 1-0

[Event "Team 45 45 League T48"]
[Site "Internet Chess Club"]
[Date "2011.02.12"]
[Round "1"]
[White "Packerfan"]
[Black "heartbreakkid"]
[Result "1-0"]
[WhiteElo "1815"]
[BlackElo "1740"]
[Opening "Evans gambit"]
[ECO "C52"]
[Time "10:00:40"]
[TimeControl "2700+45"]

1. e4 e5 2. Nf3 Nc6 3. Bc4 Bc5 4. b4 Bxb4 5. c3 Ba5 6. d4 Nxd4 7. Bxf7+ Kxf7 8.
Nxe5+ Kf8 9. Qxd4 Bb6 10. Qd5 Qf6 11. O-O c6 12. Nxd7+ Bxd7 13. Qxd7 Ne7 14.
Qxb7 Kf7 15. Ba3 Rhb8 16. Qxe7+ Qxe7 17. Bxe7 Kxe7 18. Nd2 Ba5 19. Rfc1 Rf8 20.
Nc4 Bc7 21. Rab1 Kd7 22. Rb7 Kc8 23. Rcb1 Rd8 24. e5 g5 25. Nd6+ Kd7 26. Rxc7+
Ke6 27. Re1 h5 28. Rxc6 Kd7 29. Rc4 Rab8 30. Rb4 a5 31. Rxb8 Rxb8 32. Nc4 Rb5
33. f3 Ke6 34. Kf2 Rc5 35. Re4 Rb5 36. Rd4 Rc5 37. Ke3 Rb5 38. Rd6+ Ke7 39. Rg6
Rb1 40. Rxg5 Rc1 41. Kd4 Rd1+ 42. Kc5 Rc1 43. Rxh5 Rxc3 44. a3 Rc2 45. g4 Rf2
46. Rh3 Ke6 47. Kb5 Kd5 48. g5 Ke6 49. Kxa5 Kf5 50. Rg3 Rxh2 51. g6 Rh8 52. g7
Rg8 53. Kb5 Kf4 54. Rg1 Kxf3 55. e6 Ke4 56. e7 Kd5 57. e8=Q Rxe8 58. g8=Q+ Rxg8
{Black resigns} 1-0

[Event "Team 45 45 League T48"]
[Site "Internet Chess Club"]
[Date "2011.02.10"]
[Round "1"]
[White "Buford-Julep"]
[Black "montgomerydvd"]
[Result "1-0"]
[WhiteElo "1684"]
[BlackElo "1611"]
[Opening "Philidor: exchange variation"]
[ECO "C41"]
[Time "09:00:15"]
[TimeControl "2700+45"]

1. e4 e5 2. Nf3 d6 3. d4 exd4 4. Nxd4 Nf6 5. Nc3 Be7 6. Bf4 Nbd7 7. Qd2 O-O 8.
O-O-O a6 9. f3 Ne5 10. Be2 Bd7 11. g4 c5 12. Nf5 Bxf5 13. gxf5 Qc7 14. Rhg1 Rfd8
15. Bh6 g6 16. fxg6 fxg6 17. Nd5 Nxd5 18. Qxd5+ Nf7 19. Bc4 Bf6 20. Bd2 b5 21.
Ba5 Qd7 22. Bxd8 Rxd8 23. Qxf7+ Qxf7 24. Bxf7+ Kxf7 25. f4 Bd4 26. Rgf1 Ke7 27.
c3 Bf6 28. h3 Rb8 29. Kc2 a5 30. Rd5 b4 31. c4 Ke6 32. e5 dxe5 33. fxe5 Bg7 34.
Rxc5 a4 35. Re1 b3+ 36. axb3 Rxb3 37. Rc7 Bxe5 38. Rc5 Rxb2+ 39. Kc1 a3 40.
Rexe5+ Kd6 41. Ra5 Rh2 42. Red5+ Kc6 43. Rxa3 Rg2 44. Rf3 h5 45. Rd2 Rg1+ 46.
Kc2 Kc5 47. Kd3 Rg5 48. Kc3 Rg1 49. Rd5+ Kc6 50. Rf6+ Kc7 51. Kb4 {Black
resigns} 1-0

[Event "Team 45 45 League T48"]
[Site "Internet Chess Club"]
[Date "2011.02.12"]
[Round "1"]
[White "ChessLordddd"]
[Black "rainden"]
[Result "1-0"]
[WhiteElo "1676"]
[BlackElo "1485"]
[Opening "Queen's pawn game"]
[ECO "A46"]
[Time "16:30:35"]
[TimeControl "2700+45"]

1. d4 Nf6 2. Nf3 e6 3. Bf4 d6 4. e3 Be7 5. Bd3 O-O 6. Nbd2 Nc6 7. c3 Re8 8. e4
b6 9. e5 dxe5 10. Nxe5 Nxe5 11. Bxe5 Nd5 12. O-O Bf6 13. Bg3 Bb7 14. Ne4 Qe7 15.
Nxf6+ Nxf6 16. Re1 Rad8 17. Qe2 Qd7 18. Be5 Qd5 19. f3 Nd7 20. Be4 Qa5 21. Bxb7
Nxe5 22. Qxe5 Rb8 23. Qxa5 bxa5 24. Bc6 Red8 25. b3 Rd6 26. Ba4 g6 27. Re5 Kg7
28. Rae1 h6 29. Rxa5 Rb7 30. Rb5 Rxb5 31. Bxb5 c5 32. dxc5 Rd2 33. c6 Rd8 34.
Ba6 {Black resigns} 1-0

[Event "Team 45 45 League T48"]
[Site "Internet Chess Club"]
[Date "2011.02.12"]
[Round "1"]
[White "SirIvanhoe"]
[Black "mongmong"]
[Result "1/2-1/2"]
[WhiteElo "1454"]
[BlackElo "1615"]
[Opening "French: King's Indian attack"]
[ECO "C00"]
[Time "19:03:10"]
[TimeControl "2700+45"]

1. e4 e6 2. d3 d5 3. Nd2 Nf6 4. Ngf3 b6 5. e5 Nfd7 6. d4 c5 7. c3 Be7 8. g3 Nc6
9. Bb5 Qc7 10. O-O a6 11. Bd3 b5 12. Re1 c4 13. Bc2 b4 14. Nf1 bxc3 15. bxc3 Qa5
16. Bd2 Na7 17. Qe2 Nb5 18. Qe3 Na3 19. Rec1 Bb7 20. Bd1 Bc6 21. Be1 Ba4 22.
Bxa4 Qxa4 23. Qe2 Rb8 24. Rd1 Nb6 25. Rd2 Qd7 26. Rb2 O-O 27. Ne3 Na4 28. Rxb8
Rxb8 29. Nd1 Rb6 30. h4 Qb7 31. Ng5 Nb2 32. Qh5 Bxg5 33. Qxg5 h6 34. Qd2 Nxd1
35. Qxd1 Rb1 36. Rxb1 Qxb1 37. Qxb1 Nxb1 38. Kf1 {Game drawn by mutual
agreement} 1/2-1/2

[Event "Team 45 45 League T48"]
[Site "Internet Chess Club"]
[Date "2011.02.11"]
[Round "1"]
[White "tourettes"]
[Black "Ivio"]
[Result "0-1"]
[WhiteElo "1484"]
[BlackElo "1807"]
[Opening "French: King's Indian attack"]
[ECO "C00"]
[Time "13:41:21"]
[TimeControl "2700+45"]

1. e4 e6 2. d3 d5 3. Nd2 dxe4 4. Nxe4 Nd7 5. Ne2 Ngf6 6. N2c3 h6 7. g3 Bb4 8.
Bd2 Nxe4 9. Nxe4 Bxd2+ 10. Qxd2 Nf6 11. Bg2 O-O 12. O-O-O Qe7 13. f4 c6 14. d4
Nd5 15. c4 Nb6 16. b3 a5 17. c5 Nd5 18. Nc3 Qc7 19. Rhe1 b6 20. Na4 Ba6 21. Bxd5
cxd5 22. Nxb6 Ra7 23. Na4 Rb8 24. Qe3 Bc8 25. Qe5 Qxe5 26. fxe5 Bd7 27. Nb6 Be8
28. Re3 Rc7 29. Rg1 Rxb6 30. g4 g6 31. h4 Rb4 32. Rd3 a4 33. Rgg3 axb3 34. Rxb3
Rxd4 {White resigns} 0-1

[Event "Team 45 45 League T48"]
[Site "Internet Chess Club"]
[Date "2011.02.12"]
[Round "1"]
[White "Salvatore"]
[Black "Monsieur"]
[Result "1-0"]
[WhiteElo "1650"]
[BlackElo "1534"]
[Opening "Richter-Veresov attack"]
[ECO "D01"]
[Time "20:15:45"]
[TimeControl "2700+45"]

1. d4 d5 2. Nc3 Nf6 3. Bg5 c6 4. f3 h6 5. Bh4 g5 6. Bf2 Bf5 7. e3 e6 8. Bd3 Bxd3
9. Qxd3 Bg7 10. O-O-O O-O 11. g4 Nh7 12. Nge2 f5 13. gxf5 exf5 14. Rdg1 Qe7 15.
h4 Nd7 16. Ng3 Qe6 17. Nh5 Bh8 18. hxg5 hxg5 19. Ng3 Rf7 20. Be1 Ndf8 21. e4 f4
22. Nf5 Rxf5 23. exf5 Qe3+ 24. Kb1 Qxd3 25. cxd3 Bxd4 26. Rg4 Be3 27. Bh4 Kf7
28. Bxg5 Nxg5 29. Rxg5 Re8 30. Rh6 Bd4 31. Kc2 Re3 32. Rh3 Bf6 33. Rg4 d4 34.
Ne4 Re2+ 35. Kb3 Be5 36. Rh6 Re3 37. Kc2 Rxf3 38. Ng5+ {Black resigns} 1-0

[Event "Team 45 45 League T48"]
[Site "Internet Chess Club"]
[Date "2011.02.11"]
[Round "1"]
[White "BotanicalKnight"]
[Black "Berke"]
[Result "1/2-1/2"]
[WhiteElo "1583"]
[BlackElo "1468"]
[Opening "Bishop's opening"]
[ECO "C23"]
[Time "10:02:22"]
[TimeControl "2700+45"]

1. e4 e5 2. Bc4 Nc6 3. d3 Nf6 4. Nc3 d6 5. f4 exf4 6. Bxf4 Be7 7. Nf3 Be6 8.
Bxe6 fxe6 9. O-O e5 10. Bg5 O-O 11. h3 Qd7 12. Qe1 Rae8 {Game drawn by mutual
agreement} 1/2-1/2

[Event "Team 45 45 League T48"]
[Site "Internet Chess Club"]
[Date "2011.02.14"]
[Round "1"]
[White "milesotoole"]
[Black "crankn8tr"]
[Result "1-0"]
[WhiteElo "1512"]
[BlackElo "1470"]
[Opening "Sicilian defense"]
[ECO "B33"]
[Time "21:12:22"]
[TimeControl "2700+45"]

1. e4 c5 2. Nf3 Nc6 3. d4 cxd4 4. Nxd4 Nf6 5. f3 e5 6. Nxc6 dxc6 7. Qxd8+ Kxd8
8. Bc4 Be6 9. Bxe6 fxe6 10. Nc3 Bc5 11. Na4 Bd6 12. Be3 Ke7 13. O-O-O Nd7 14.
Rd2 b5 15. Rhd1 bxa4 16. Rxd6 Rad8 17. Bxa7 Nf6 18. Rxc6 Rxd1+ 19. Kxd1 Rd8+ 20.
Kc1 Rd7 21. Bc5+ Kf7 22. Ra6 {Black resigns} 1-0

[Event "Team 45 45 League T48"]
[Site "Internet Chess Club"]
[Date "2011.02.14"]
[Round "1"]
[White "medsurg"]
[Black "BrianWood"]
[Result "1-0"]
[WhiteElo "1368"]
[BlackElo "1349"]
[Opening "Ruy Lopez: closed (9...Na5)"]
[ECO "C96"]
[Time "20:00:20"]
[TimeControl "2700+45"]

1. e4 e5 2. Nf3 Nc6 3. Bb5 a6 4. Ba4 Nf6 5. O-O Be7 6. Re1 b5 7. Bb3 d6 8. c3
O-O 9. h3 Na5 10. Bc2 d5 11. a4 dxe4 12. Bxe4 Nxe4 13. Rxe4 Be6 14. axb5 Nb3 15.
Rxa6 Rxa6 16. bxa6 Nc5 17. Rxe5 Nxa6 18. Qe2 Nc5 19. d4 Nb3 20. Bf4 Bf6 21. Rxe6
Nxd4 22. Nxd4 Bxd4 23. Re4 Bf6 24. Nd2 Bg5 25. Bxg5 Qxg5 26. Re8 Qa5 27. Qe7
{Black resigns} 1-0

[Event "Team 45 45 League T48"]
[Site "Internet Chess Club"]
[Date "2011.02.13"]
[Round "1"]
[White "Knight2night"]
[Black "dabodhi"]
[Result "1-0"]
[WhiteElo "1213"]
[BlackElo "1219"]
[Opening "Ruy Lopez: exchange variation, 5.O-O"]
[ECO "C68"]
[Time "15:00:21"]
[TimeControl "2700+45"]

1. e4 e5 2. Nf3 Nc6 3. Bb5 a6 4. Bxc6 dxc6 5. O-O Bd6 6. d4 f6 7. dxe5 fxe5 8.
Nxe5 Nf6 9. Nd3 Bxh2+ 10. Kxh2 Ng4+ 11. Kg1 Qh4 12. Bf4 O-O 13. Qd2 g5 14. Bg3
Qh5 15. f3 Rxf3 16. Rxf3 Be6 17. Qb4 Nh6 18. Qxb7 Rc8 19. Qxc6 Bg4 20. Rf6 Rf8
21. Rxh6 Qf7 22. Ne5 Qf1+ 23. Kh2 Bf3 24. Rg6+ hxg6 25. Qxg6+ Kh8 26. Nf7+ Rxf7
27. Be5+ Rf6 28. Bxf6# {Black checkmated} 1-0

[Event "Team 45 45 League T48"]
[Site "Internet Chess Club"]
[Date "2011.02.13"]
[Round "1"]
[White "carolinaknight"]
[Black "artspir"]
[Result "1-0"]
[WhiteElo "1186"]
[BlackElo "1042"]
[Opening "King's pawn game"]
[ECO "C21"]
[Time "15:00:48"]
[TimeControl "2700+45"]

1. e4 e5 2. d4 d6 3. dxe5 Qe7 4. Nc3 dxe5 5. Bc4 Nf6 6. f3 Qc5 7. Qd3 Bd6 8. Be3
Qc6 9. Bb5 O-O 10. Bxc6 Nxc6 11. Nge2 Rd8 12. O-O Nb4 13. Qd1 Bc5 14. Qxd8+ Bf8
15. Bc5 Nd7 16. Bxb4 b6 17. Bxf8 Nxf8 18. Qxc7 Ba6 19. Rfd1 h5 20. Rd8 Rxd8 21.
Qxd8 {Black resigns} 1-0

[Event "Team 45 45 League T48"]
[Site "Internet Chess Club"]
[Date "2011.02.13"]
[Round "1"]
[White "sockmonkey"]
[Black "bhandelman"]
[Result "1-0"]
[WhiteElo "1035"]
[BlackElo "1066"]
[Opening "Giuoco Pianissimo"]
[ECO "C55"]
[Time "08:00:31"]
[TimeControl "2700+45"]

1. e4 e5 2. Nf3 Nc6 3. Bc4 Nf6 4. d3 Bc5 5. O-O O-O 6. Nc3 d6 7. Bg5 a6 8. Nd5
b5 9. Nxf6+ gxf6 10. Bh6 bxc4 11. Bxf8 Qxf8 12. dxc4 Qg7 13. Kh1 Nd4 14. Qd3 f5
15. c3 fxe4 16. Qxe4 Bb7 17. Qxb7 Qf8 18. cxd4 exd4 19. Qxc7 Re8 20. Qc6 Qe7 21.
Rfe1 {Black resigns} 1-0

[Event "Team 45 45 League T48"]
[Site "Internet Chess Club"]
[Date "2011.02.11"]
[Round "1"]
[White "browndeer"]
[Black "Just-Jim"]
[Result "1-0"]
[WhiteElo "1191"]
[BlackElo "1335"]
[Opening "Ruy Lopez: modern Steinitz defense, Three knights variation"]
[ECO "C62"]
[Time "19:00:13"]
[TimeControl "2700+45"]

1. e4 e5 2. Nf3 Nc6 3. Bb5 d6 4. Nc3 a6 5. Ba4 b5 6. Bb3 h6 7. O-O Nf6 8. Re1
Be7 9. d3 O-O 10. Be3 Nh7 11. d4 Ng5 12. dxe5 Nxf3+ 13. Qxf3 dxe5 14. Red1 Nd4
15. Qg3 Kh8 16. Qxe5 Bf6 17. Qg3 c5 18. e5 Bh4 19. Qf4 b4 20. Bxd4 Bg5 21. Qe4
f5 22. Qxa8 cxd4 23. Ne2 Qe7 24. Qd5 f4 25. Qe4 Bb7 26. Qd3 f3 27. Nxd4 fxg2 28.
c4 Qxe5 29. Bc2 Kg8 30. Qh7+ Kf7 31. Qg6+ Ke7 32. Re1 Bf6 33. Rxe5+ Bxe5 34.
Qe6+ Kd8 35. Qb6+ Bc7 36. Ne6+ Ke7 37. Nxc7 Bc8 38. Re1+ Kf7 39. Qc5 Bg4 40.
Qe7+ Kg8 41. Ne6 Bxe6 42. Qxe6+ Kh8 43. Qe4 {Black resigns} 1-0

[Event "Team 45 45 League T48"]
[Site "Internet Chess Club"]
[Date "2011.02.12"]
[Round "1"]
[White "CoasterBrake"]
[Black "kingsleywang"]
[Result "0-1"]
[WhiteElo "1188"]
[BlackElo "1345"]
[Opening "English: Bremen, Smyslov system"]
[ECO "A22"]
[Time "13:00:28"]
[TimeControl "2700+45"]

1. c4 e5 2. Nc3 Nf6 3. g3 Bb4 4. Nf3 Nc6 5. Bg2 O-O 6. O-O d6 7. d4 exd4 8. Nxd4
Nxd4 9. Qxd4 Bc5 10. Qd3 h6 11. Be3 Bb6 12. Rfd1 Rb8 13. Nd5 Nxd5 14. cxd5 Bd7
15. Bxb6 axb6 16. Qc3 Qc8 17. e4 Bg4 18. Re1 c6 19. dxc6 bxc6 20. Rac1 c5 21. e5
dxe5 22. Rxe5 f6 23. Re7 Re8 24. Rxe8+ Qxe8 25. Qc4+ Be6 26. Bd5 Bxd5 27. Qxd5+
Qf7 28. Rd1 Qxd5 29. Rxd5 Kf7 30. Rd7+ Kg6 31. Kg2 b5 32. Kf3 b4 33. a3 bxa3 34.
bxa3 Rb3+ 35. Ke2 Rxa3 36. Rc7 Ra5 37. Kd3 Ra2 38. Rxc5 Rxf2 39. Rc2 Rxc2 40.
Kxc2 Kg5 41. Kd2 Kh5 42. Ke2 g5 43. Kf3 Kg6 44. h3 h5 45. g4 f5 46. gxf5+ Kxf5
47. Kg3 Ke4 48. h4 g4 49. Kf2 Kf4 50. Kg2 g3 51. Kg1 Kg4 52. Kg2 Kxh4 53. Kg1
Kg4 54. Kg2 h4 55. Kg1 h3 56. Kh1 g2+ 57. Kh2 Kh4 58. Kg1 Kg4 59. Kf2 Kf4 60.
Kg1 Kf3 61. Kh2 Kf2 {White resigns} 0-1